 Dungeon Crawl Stone Soup version 0.26-a0-163-g6c8a0bf695 (webtiles) character file.

Game seed: 1900183023509703764

101 BritishOli the Skirmisher (level 4, -2/54 HPs)
             Began as a Demonspawn Monk on July 3, 2020.
             Slain by a gnoll
             ... wielding a +0 halberd of venom
              (9 damage)
             ... on level 2 of the Dungeon.
             The game lasted 00:01:47 (1757 turns).

BritishOli the Skirmisher (Demonspawn Monk)         Turns: 1757, Time: 00:01:48

Health: -2/54      AC:  3    Str: 12    XL:     4   Next: 48%
Magic:  4/4        EV: 13    Int: 12    God:
Gold:   104        SH:  0    Dex: 15    Spells: 3/3 levels left

rFire    . . .     SeeInvis .   a - +0 falchion
rCold    . . .     Faith    .   (no shield)
rNeg     . . .     Spirit   .   b - +0 robe
rPois    .         Reflect  .   d - +0 hat
rElec    .         Harm     .   (no cloak)
rCorr    .                      i - +0 pair of gloves
MR       .....                  (no boots)
Stlth    ..........             (no amulet)
HPRegen  0.18/turn              (no ring)
MPRegen  0.09/turn              (no ring)

@: berserking, lethally poisoned (-2 -> -6), very quick
A: antennae 1, powered by pain 1
a: no special abilities


You were on level 2 of the Dungeon.
You were hungry.

You visited 1 branch of the dungeon, and saw 2 of its levels.

You collected 104 gold pieces.

Inventory:

Hand Weapons
 a - a +0 falchion (weapon)
Armour
 b - a +0 robe (worn)
 d - a +0 hat (worn)
 i - a +0 pair of gloves (worn)
Jewellery
 k - an uncursed ring of positive energy {unknown}
Scrolls
 e - a scroll of magic mapping {unknown}
 l - a scroll of amnesia {unknown}
Potions
 g - a potion of heal wounds {unknown}
 h - 2 potions of haste {unknown}
 j - a potion of curing {unknown}
Comestibles
 c - a ration


   Skills:
 + Level 3.6 Fighting
 * Level 3.5 Long Blades
 + Level 1.1 Armour
 + Level 3.2 Dodging
 - Level 2.1 Stealth


You had 3 spell levels left.
You didn't know any spells.
Your spell library was empty.

Dungeon Overview and Level Annotations

Branches:
Dungeon (2/15)

Altars:


Innate Abilities, Weirdness & Mutations

You have a pair of small antennae on your head.
You sometimes gain a little power by taking damage.


Message History

You feel yourself moving faster!
You feel mighty!
You feel sick. The gnoll barely misses you.
You are too berserk!
You barely miss the gnoll.
The gnoll is heavily wounded.
You feel sick.
You slash the gnoll!
You kill the gnoll!
The bat completely misses you.
You hit the bat.
You kill the bat!
You feel sick.
You hit the gnoll.
The gnoll is moderately wounded.
The gnoll barely misses you.
You slash the gnoll!
You kill the gnoll!
You feel sick.
The gnoll hits you from afar with a +0 halberd of venom!
You die...

. .. ... .... [....
###################......
.....<..........@)g......
#####.########'####......
#####.#######...# .....
.......>...##...# ####
#####.####.##...# ....#.#
#...# ###.#'#### #...#
.........# #...#
.........# ....#


You could see a gnoll.

Vanquished Creatures
  2 adders (D:2)
  4 gnolls
  An ooze (D:1)
  A ball python (D:1)
  6 bats
  4 giant cockroaches
  3 goblins (D:1)
  6 hobgoblins (D:1)
  5 kobolds
  2 frilled lizards (D:1)
  6 rats (D:1)
40 creatures vanquished.

Notes
Turn   | Place    | Note
-------+----------+-------------------------------------------
     0 | D:1      | BritishOli the Demonspawn Monk began the quest for the Orb.
     0 | D:1      | Reached XP level 1. HP: 18/18 MP: 1/1
   161 | D:1      | Gained mutation: You have a pair of small antennae on your
                  | head. [demonic ancestry]
   161 | D:1      | Reached XP level 2. HP: 19/24 MP: 2/2
   690 | D:1      | Reached XP level 3. HP: 25/29 MP: 3/3
  1485 | D:2      | Gained mutation: You sometimes gain a little power by
                  | taking damage. [demonic ancestry]
  1485 | D:2      | Reached XP level 4. HP: 24/35 MP: 4/4
  1748 | D:2      | Reached skill level 1 in Armour
  1757 | D:2      | Slain by a gnoll

Illustrated notes

Levels and vault maps discovered:
D:1:      enne_arrival_octagon_isle, layout_rooms
D:2:      layout_basic, hangedman_decor_clover_reticule

Skill      XL: |  1  2  3  4 |
---------------+-------------+-----
Stealth        | 2 |  2.1
Long Blades    | 3 |  3.5
Dodging        | 3 |  3.2
Armour         | 1 |  1.1
Fighting       | |  3.6

Action                   |  1- 3 |  4- 6 || total
-------------------------+-------+-------++-------
Melee: Falchion          |    97 |    21 ||   118
  Use: Potion            |       |     1 ||     1
 Stab: Sleeping          |     2 |       ||     2
  Eat: Chunk             |     1 |     1 ||     2
Armor: Robe              |    25 |       ||    25
Dodge: Dodged            |    80 |    16 ||    96
       Rpst.: Falchion   |    33 |     4 ||    37

Table legend:
 A = Non-vault XP
 B = Vault XP
 C = Vault XP percentage of total XP
 D = Non-vault monster count
 E = Vault monster count
 F = Vault count percentage of total count
                 A         B        C        D         E       F
            +---------+---------+-------+---------+---------+-------
      Total |     145 |       0 |   0.0 |      40 |       0 |   0.0
            +---------+---------+-------+---------+---------+-------
        D:1 |      67 |       0 |   0.0 |      31 |       0 |   0.0
        D:2 |      78 |       0 |   0.0 |       9 |       0 |   0.0
            +---------+---------+-------+---------+---------+-------
